 Dungeon Crawl Stone Soup version 0.29.1-13-g9f3cf754e1 (webtiles) character file.

Game seed: 1356894239971065166

88 Kold the Conjurer (level 4, 0/24 HPs)
             Began as a Deep Elf Conjurer on Jan 31, 2023.
             Was an Initiate of Vehumet.
             Killed from afar by a kobold (10 damage)
             ... with an iceblast
             ... on level 3 of the Dungeon.
             The game lasted 00:05:40 (2540 turns).

Kold the Conjurer (Deep Elf Conjurer)               Turns: 2540, Time: 00:05:41

Health: 0/24       AC:  4    Str:  4    XL:     4   Next: 29%
Magic:  10/12      EV: 12    Int: 25    God:    Vehumet [......]
Gold:   131        SH:  0    Dex: 13    Spells: 9/12 levels left

rFire   . . .      SeeInvis .   p - +3 short sword (venom)
rCold   . . .      Faith    .   (no shield)
rNeg    . . .      Spirit   .   a - +0 robe
rPois   .          Reflect  .   (no helmet)
rElec   .          Harm     .   i - scarf {shadows}
rCorr   .          Rampage  .   m - +1 Delatra's gloves {ID++}
Will    .....                   (no boots)
Stlth   ++........              (no amulet)
HPRegen 0.08/turn               (no ring)
MPRegen 0.13/turn               (no ring)

@: no status effects
A: no striking features
a: Renounce Religion


You were on level 3 of the Dungeon.
You worshipped Vehumet.
Vehumet was noncommittal.
You visited 1 branch of the dungeon, and saw 3 of its levels.

You collected 131 gold pieces.

Inventory:

Hand Weapons
 e - a +3 dagger of speed
 p - a +3 short sword of venom (weapon)
Missiles
 k - a throwing net
Armour
 a - a +0 robe (worn)
 i - a scarf of shadows (worn)
 m - the +1 Delatra's gloves (worn) {ID++}
   (You found it on level 2 of the Dungeon)

   It heals its wearer when they drink unknown potions.
   It restores its wearer's MP when they read unknown scrolls.
Scrolls
 c - 3 scrolls of identify {unknown}
 f - a scroll of teleportation {unknown}
 g - 2 scrolls of immolation {unknown}
 j - a scroll of silence {unknown}
 n - a scroll of fog {unknown}
 o - a scroll of amnesia {unknown}
 q - a scroll of noise {unknown}
Potions
 b - a potion of magic
 d - a potion of might {unknown}
 h - a potion of curing {unknown}
 l - a potion of lignification {unknown}
 r - a potion of degeneration {unknown}


   Skills:
 - Level 3.0 Dodging
 - Level 3.0 Stealth
 + Level 4.5 Spellcasting
 + Level 5.2 Conjurations


You had 9 spell levels left.
You knew the following spells:

 Your Spells              Type           Power      Damage    Failure   Level
a - Magic Dart            Conj           100%       1d8       1%          1
b - Searing Ray           Conj           64%        2d6       1%          2

Your spell library contained the following spells:

 Spells                   Type           Power      Damage    Failure   Level
 Dazzling Flash           Conj/Hex       36%        N/A       9%          3
 Stone Arrow              Conj/Erth      36%        3d9       9%          3
 Blink                    Tloc           10%        N/A       13%         2
 Lesser Beckoning         Tloc           5%         N/A       26%         3
 Fulminant Prism          Conj/Hex       9%         3d7       28%         4
 Iskenderun's Mystic Bla  Conj/Tloc      18%        2d6       28%         4
 Animate Armour           Summ/Erth      10%        N/A       65%         4
 Manifold Assault         Tloc           5%         N/A       94%         5
 Lehudib's Crystal Spear  Conj/Erth      9%         10d4      100%        8


Dungeon Overview and Level Annotations

Branches:
Dungeon (3/15)

Altars:
Nemelex Xobeh
Vehumet

Shops:
D:1 *   D:2 :*:[


Message History

Confirm with . or Enter, or press ? or * to list all spells.
Aiming: Magic Dart (safe; 1% risk of failure)
Press: ? - help, Shift-Dir - straight line, f - bat
Aim: a bat (100% to hit)
The magic dart hits the bat.
You kill the bat!
Vehumet accepts your kill.
Casting: Magic Dart (safe; 1% risk of failure)
Confirm with . or Enter, or press ? or * to list all spells.
You can't see any susceptible monsters within range! (Use Z to cast anyway.)
A hobgoblin comes into view.
A hobgoblin is nearby!
Casting: Magic Dart (safe; 1% risk of failure)
Confirm with . or Enter, or press ? or * to list all spells.
Aiming: Magic Dart (safe; 1% risk of failure)
Press: ? - help, Shift-Dir - straight line, f - hobgoblin
Aim: a hobgoblin, wearing a +0 leather armour (wandering, hasn't noticed you, 100% to hit)
The magic dart hits the hobgoblin!
You kill the hobgoblin!
Vehumet accepts your kill.
A kobold comes into view.
It is wielding a +0 dagger and carrying a wand of iceblast (6).
Casting: Magic Dart (safe; 1% risk of failure)
Confirm with . or Enter, or press ? or * to list all spells.
Aiming: Magic Dart (safe; 1% risk of failure)
Press: ? - help, Shift-Dir - straight line, f - kobold
Aim: a kobold, wielding a +0 dagger, quivering stones and carrying a wand of iceblast (6) (wandering, hasn't noticed you, 100% to hit)
The magic dart hits the kobold.
The kobold is heavily wounded.
The kobold shouts!
The kobold zaps a wand.
The mass of ice explodes!
The iceblast engulfs you!
Ouch! That really hurt!
Casting: Magic Dart (safe; 1% risk of failure)
Confirm with . or Enter, or press ? or * to list all spells.
Aiming: Magic Dart (safe; 1% risk of failure)
Press: ? - help, Shift-Dir - straight line, f/p - kobold
Aim: a kobold, wielding a +0 dagger, quivering stones and carrying a wand of iceblast (5) (heavily wounded, 100% to hit)
The magic dart hits the kobold but does no damage.
The kobold is heavily wounded.
The kobold zaps a wand.
The mass of ice explodes!
The iceblast engulfs you!
You die...

######..############# #
#.###..........# ## #.#
#..........# .### #.#
#..........#
...###.###..........#
...)..).............###
####).>................
######.#####.[...## #.#
#.@...# #.# #.....# #.#
#.......K #.# #......#.
#.# #........ #.#
#.....##. #######


You could see a kobold.

Vanquished Creatures
  2 adders (D:3)
  A gnoll (D:1)
  A dart slug (D:3)
  An orc (D:3)
  3 endoplasms
  A giant cockroach (D:3)
  9 hobgoblins
  3 quokkas
  4 ball pythons
  7 bats
  4 frilled lizards
  13 goblins
  5 kobolds
54 creatures vanquished.

Vanquished Creatures (others)
  2 plants (D:1)
2 creatures vanquished.

Grand Total: 56 creatures vanquished

Notes
Turn   | Place    | Note
-------+----------+-------------------------------------------
     0 | D:1      | Kold the Deep Elf Conjurer began the quest for the Orb.
     0 | D:1      | Reached XP level 1. HP: 10/10 MP: 6/6
   196 | D:1      | Reached XP level 2. HP: 15/15 MP: 6/8
   543 | D:1      | Found Zihymec's General Store.
   749 | D:1      | Reached XP level 3. HP: 19/19 MP: 8/10
   927 | D:2      | Found Zussipyg's Antique Armour Shoppe.
  1098 | D:2      | Found Erchir's Book Emporium.
  1107 | D:2      | Learned a level 2 spell: Searing Ray
  1245 | D:2      | Found a faded altar of an unknown god.
  1257 | D:2      | Found Unnijede's Assorted Antiques.
  1299 | D:2      | Found the +1 Delatra's gloves {ID++}
  1325 | D:2      | Found Anugif's Book Boutique.
  1755 | D:3      | Reached skill level 5 in Conjurations
  1992 | D:3      | Reached XP level 4. HP: 24/24 MP: 7/12
  2132 | D:3      | Found a sparkling altar of Nemelex Xobeh.
  2194 | D:3      | Found a radiant altar of Vehumet.
  2245 | D:3      | Became a worshipper of Vehumet
  2540 | D:3      | Killed from afar by a kobold

Illustrated notes

Levels and vault maps discovered:
D:1:      dpeg_arrival_fog, layout_basic, serial_shops, shop,
          hangedman_decor_growths, nicolae_grassy_gnolls
D:2:      layout_loops_ring, serial_shops, shop, shop, shop, shop,
          ebering_ecumenical_altar_hall
D:3:      layout_basic, mainiacjoe_overflow_small_starburst,
          nemelex_spade_bored_becter, nicolae_uskayaw_dance_hall, uniq_sigmund,
          uniq_robin

Skill      XL: |  1  2  3 |
---------------+----------+-----
Stealth        | 3 |  3.0
Dodging        | 3 |  3.0
Spellcasting   | 4 |  4.5
Conjurations   | 5 |  5.2

Action                   |  1- 3 |  4- 6 || total
-------------------------+-------+-------++-------
Melee: Short sword       |    14 |       ||    14
       Punch             |     1 |       ||     1
 Cast: Magic Dart        |    51 |    14 ||    65
       Searing Ray       |     5 |     1 ||     6
Armor: Robe              |     4 |       ||     4
Dodge: Dodged            |    18 |     1 ||    19
